 Dungeon Crawl Stone Soup version 0.28-a0-1518-gbe868bca14 (webtiles) character file.

Game seed: 4055597857106777188

21 knot the Chopper (level 2, 0/36 HPs)
             Began as a Demonspawn Berserker on Jan 17, 2022.
             Was a Follower of Trog.
             Slain by a goblin (3 damage)
             ... led by Robin
             ... on level 1 of the Dungeon.
             The game lasted 00:00:53 (1195 turns).

knot the Chopper (Demonspawn Berserker)             Turns: 1195, Time: 00:00:53

Health: 0/36       AC:  2    Str: 17    XL:     2   Next: 65%
Magic:  2/2        EV: 12    Int:  8    God:    Trog [*.....]
Gold:   30         SH:  0    Dex: 12    Spells: 1/1 levels left

rFire   . . .      SeeInvis .   a - +0 hand axe
rCold   . . .      Faith    .   (no shield)
rNeg    . . .      Spirit   .   b - +0 animal skin
rPois   .          Reflect  .   (no helmet)
rElec   .          Harm     .   (no cloak)
rCorr   .          Rampage  .   (no gloves)
Will    .....                   (no boots)
Stlth   ..........              (no amulet)
HPRegen 0.12/turn               (no ring)
MPRegen 0.08/turn               (no ring)

@: berserking, very quick
A: powered by death 1
a: Renounce Religion, Berserk


You were on level 1 of the Dungeon.
You worshipped Trog.
Trog was aware of your devotion.
You visited 1 branch of the dungeon, and saw 2 of its levels.

You collected 30 gold pieces.

Inventory:

Hand Weapons
 a - a +0 hand axe (weapon)
Missiles
 c - 7 stones (quivered)
 d - 17 sling bullets
Armour
 b - a +0 animal skin (worn)
Scrolls
 e - a scroll of fear {unknown}
 f - a scroll of amnesia {unknown}
 g - a scroll of fog {unknown}
 i - a scroll of vulnerability {unknown}
Potions
 h - a potion of brilliance {unknown}


   Skills:
 - Level 3.0 Fighting
 + Level 3.6 Axes
 - Level 1.7 Armour
 - Level 1.7 Dodging


You had one spell level left.
You didn't know any spells.
Your spell library was empty.

Dungeon Overview and Level Annotations

Branches:
Dungeon (2/15)

Altars:

Annotations:
D:2 Natasha, Robin


Innate Abilities, Weirdness & Mutations

You regenerate a little health from kills.


Message History

A goblin comes into view. It is wielding a +0 dagger. x2
There are monsters nearby!
Natasha, Servant of Life and Death comes into view.
The goblin shouts!
Natasha hisses angrily.
The goblin shouts!
You hear a shout!
You hear an angry hiss.
You hit the goblin.
The goblin is heavily wounded.
The goblin hits you with a +0 club.
Natasha mumbles some strange words.
The goblin barely misses you.
You slash the goblin!
You kill the goblin!
Trog accepts your kill.
Press: ? - help, v - describe, . - travel, g - get item
Here: a goblin, wielding a +3 dagger of electrocution Item here: a +0 club.
The floor.
Natasha casts a spell.
Robin's bangles clink loudly.
Robin throws the goblin at you!
You slash the goblin!
You kill the goblin!
Trog accepts your kill.
You hit the goblin.
The goblin hits you with a +3 dagger of electrocution.
You are electrocuted!
Ouch! That really hurt!
* * * LOW HITPOINT WARNING * * *
A goblin comes into view. It is wielding a +0 dagger.
Robin throws the goblin at you!
* * * LOW HITPOINT WARNING * * *
You see here a +0 dagger.
There is a stone staircase leading up here.
The goblin barely misses you.
You climb upwards.
There is a stone staircase leading down here.
A red film seems to cover your vision as you go berserk!
You feel yourself moving faster!
You feel mighty! The goblin hits you with a +0 dagger.
You die...

#.#.#.#...####.### #.#
#.#...#........### #.#
##.#).##..#.......# ###.#
..........#.......# #...#
####......#.......# #.###
##...###.......# #..# ###.#
#.......# ##.#
#.###.......# #.# ##
#.##.....g@.# #.# §##
#.###...##.## #.# ≈≈# #.#
#......# #.# §≈## #.#
##.##### #.# ≈≈≈#
#)####.#...# #.# ≈§≈#
#.#........# #.# #≈≈#
#.#.≈≈≈....######.#########
§≈≈#
#...≈_≈.#.........#.......#
≈≈≈#
###.≈≈≈...#########.#####.#


You could see a goblin.

Vanquished Creatures
  A bat (D:1)
  2 endoplasms (D:1)
  A giant cockroach (D:1)
  3 goblins
  A hobgoblin (D:1)
  4 jackals (D:1)
  A quokka (D:1)
  2 frilled lizards (D:1)
  2 kobolds (D:1)
  2 rats (D:1)
19 creatures vanquished.

Notes
Turn   | Place    | Note
-------+----------+-------------------------------------------
     0 | D:1      | knot the Demonspawn Berserker began the quest for the Orb.
     0 | D:1      | Reached XP level 1. HP: 18/18 MP: 1/1
   104 | D:1      | Found a faded altar of an unknown god.
   687 | D:1      | Gained mutation: You regenerate a little health from kills.
                  | [demonic ancestry]
   687 | D:1      | Reached XP level 2. HP: 24/24 MP: 2/2
  1179 | D:2      | Noticed Robin
  1182 | D:2      | Noticed Natasha
  1195 | D:1      | Slain by a goblin

Illustrated notes

Levels and vault maps discovered:
D:1:      lightli_molten_gateway, layout_loops_cross,
          hellmonk_ecumenical_altar_pennies_from_heaven
D:2:      layout_basic, uniq_robin, uniq_natasha

Skill      XL: |  1 |
---------------+----+-----
Axes           | 3 |  3.6
Fighting       | |  3.0
Armour         | |  1.7
Dodging        | |  1.7

Action                   || total
-------------------------++-------
Melee: Hand axe          ||    65
       Punch             ||     1
Invok: Berserk           ||     1
 Stab: Sleeping          ||     1
Armor: Animal skin       ||    15
Dodge: Dodged            ||    52

Table legend: (Time is in decaauts)
 A = Elapsed time spent in this place.
 B = Non-inter-level travel time spent in this place.
 C = Inter-level travel time spent in this place.
 D = Time resting spent in this place.
 E = Time spent auto-exploring this place.
 F = Levels seen in this place.
 G = Mean time per level.
                   A        B        C        D        E       F      G
               +--------+--------+--------+--------+--------+-----+--------+
         Total |   1206 |   1176 |     30 |    411 |    607 |   2 |  603.0 |
       Dungeon |   1206 |   1176 |     30 |    411 |    607 |   2 |  603.0 |
               +--------+--------+--------+--------+--------+-----+--------+

Top non-repeatable levels by time:
     D:1: 1185 daAuts
     D:2: 21 daAuts
